 Dungeon Sprint DCSS version 0.30-a0-852-g08b95dd62f (webtiles) character file.

Game seed: 11848049202372764135

668 dialectric the Fighter (level 7, 0/51 HPs)
             Began as a Gargoyle Fighter on Mar 5, 2023.
             Was an Initiate of Trog.
             Slain by a tentacle (9 damage)
             ... attached to a kraken
             ... in the Dungeon (Sprint II: "The Violet Keep of Menkaure").
             The game lasted 00:01:07 (142 turns).

dialectric the Fighter (Gargoyle Fighter)            Turns: 142, Time: 00:01:08

Health: 0/51       AC: 13    Str: 20    XL:     7   Next: 58%
Magic:  7/7        EV: 12    Int:  8    God:    Trog [......]
Gold:   243        SH:  0    Dex: 11    Spells: 6/6 levels left

rFire   . . .      SeeInvis .    a - +0 long sword
rCold   . . .      Faith    .    (no shield)
rNeg    + . .      Spirit   .    b - +0 scale mail
rPois   ∞          Reflect  .    (no helmet)
rElec   +          Rampage  .    (no cloak)
rCorr   .          NoTele   +    (no gloves)
Will    .....                    (no boots) Stlth
                                 (no amulet)
HPRegen 0.28/turn                (no ring)
MPRegen 0.10/turn                (no ring)

@: no status effects
A: sickness immunity, AC +4, negative energy resistance 1, electricity
resistance, torment resistance 1, petrification resistance
a: Renounce Religion


You were in the Dungeon.
You worshipped Trog.
Trog was noncommittal.
You visited 1 branch You collected 243 gold pieces.

Inventory:

Hand Weapons
 a - a +0 long sword (weapon)
Armour
 b - a +0 scale mail (worn)
 c - a +0 buckler
Potions
 e - a potion of curing
 g - a potion of haste
 h - 2 potions of magic
 i - a potion of berserk rage


   Skills:
 + Level 9.5 Fighting
 * Level 8.0 Long Blades
 + Level 9.5 Armour
 - Level 6.0 Dodging
 - Level 3.2 Shields


You had 6 spell levels left.
You didn't know any spells.
Your spell library was empty.

Dungeon Overview and Level Annotations

Branches:
Dungeon (1/1)

Altars:
Cheibriados
Dithmenos
Elyvilon
Fedhas
Gozag
Hepliaklqana
Kikubaaqudgha
Makhleb
Nemelex Xobeh
Okawaru
Qazlal
Ru
Sif Muna
Trog
Uskayaw
Vehumet
Wu Jian
Xom
Yredelemnul
Zin
The Shining One
Jiyva
Lugonu

Annotations:
D exclusion: ice statue


Innate Abilities, Weirdness & Mutations

You are immune to sickness and miasma.
Your stone body is resilient. (AC +4)
You are immune to poison.
You resist negative energy. (rN+)
You are resistant to electric shocks. (rElec)
You are resistant to unholy torment.
You are immune to petrification.


Message History

Found four items.
Found three altars.
There is an open door here.
Found eight items.
Found an opulent altar of Gozag and an iron altar of Okawaru.
There is a glowing golden altar of the Shining One here.
Found 2 stones.
There is a basalt altar of Yredelemnul here.
Found 3 fuming dark potions.
There is a bloodstained altar of Trog here.
You kneel at the altar of Trog.
Trog welcomes you!
There is a basalt altar of Yredelemnul here.
There is an open door here.
You enter the shallow water.
Moving in this stuff is going to be slow.
Found an amethyst potion, a hand axe, a robe and a runed scarf.
Found eleven items.
The water moccasin hisses angrily.
Found five items.
The water moccasin hisses angrily.
Found five items.
Blink to where?
Press: ? - help, Dir - move target A water moccasin and a kraken come into view.
As you read the scroll of blinking, it crumbles to dust.
The water moccasin hisses angrily.
Tentacles burst out of the water! 2 tentacles come into view.
You open the door. The tentacle slaps you!
Found six items.
The tentacle closely misses you.
The tentacle slaps you but does no damage.
There is an open door here.
Found six items.
The tentacle slaps you!
You see here a scroll labelled JAXAONW ZOQUH.
Found three items.
The tentacle slaps you!!
* * * LOW HITPOINT WARNING * * *
You see here a scroll labelled GUOSHR VEUKHOUWE.
Okay, then.
Found four items.
The tentacle slaps you!
You die...

..▓§≈§≈§≈§§▓▓
°:▓▓▓▓▓▓▓▓▓▓▓
○[▓$$$:[([!▓▓
○|▓$$)[(?$!▓▓ # +.###
)=▓()[?$?[!▓▓ # ...#
#▓$)!?[?$$▓▓ ## #..#
#▓?[$?[$$[▓▓ .# +.^#
#▓(($[@!$?▓▓ .# #..#
#▓?$[!w?)$▓▓
.####..####▓[?!!!\?)▓▓
...###...##▓▓▓▓▓▓▓\▓▓▓▓+▓
....§~~~~~~~~~~~~~.──Xw≈▓
....§~#'########+###wSw≈▓
~~§..~#._._._..#S§~##≈≈≈▓
~~~~§~#.._._._.#S§≈≈ ###▓
≈~~~~~#._._._._#~~§§


You could see a kraken, 4 tentacles and a water moccasin.

Vanquished Creatures
  2 wyverns (D)
  Menkaure (D)
  4 necrophages (D)
  3 worms (D)
10 creatures vanquished.

Notes
Turn   | Place    | Note
-------+----------+-------------------------------------------
     0 | D        | dialectric the Gargoyle Fighter began the quest for the
                  | Orb.
     0 | D        | Reached XP level 1. HP: 14/14 MP: 1/1
    18 | D        | Reached skill level 1 in Dodging
    18 | D        | Reached XP level 2. HP: 20/20 MP: 2/2
    22 | D        | Noticed a boulder beetle
    22 | D        | Noticed a boulder beetle
    25 | D        | Noticed a wyvern
    25 | D        | Noticed a wyvern
    31 | D        | Killed a wyvern
    32 | D        | Reached XP level 3. HP: 28/28 MP: 3/3
    32 | D        | Reached XP level 4. HP: 32/32 MP: 4/4
    32 | D        | Reached XP level 5. HP: 37/37 MP: 5/5
    35 | D        | Killed a wyvern
    36 | D        | Reached skill level 5 in Long Blades
    36 | D        | Reached skill level 5 in Dodging
    36 | D        | Reached XP level 6. HP: 36/44 MP: 6/6
    73 | D        | Reached XP level 7. HP: 41/51 MP: 7/7
    93 | D        | Noticed an ice statue
    95 | D        | Noticed Menkaure
   105 | D        | Killed Menkaure
   114 | D        | Found a glowing silver altar of Zin.
   115 | D        | Found a glowing golden altar of the Shining One.
   115 | D        | Found a basalt altar of Yredelemnul.
   115 | D        | Found a hide-covered altar of Uskayaw.
   116 | D        | Found a shimmering altar of Xom.
   116 | D        | Found a bloodstained altar of Trog.
   116 | D        | Found a radiant altar of Vehumet.
   116 | D        | Found a burning altar of Makhleb.
   117 | D        | Found an ornate altar of the Wu Jian Council.
   117 | D        | Found a shimmering blue altar of Sif Muna.
   117 | D        | Found a corrupted altar of Lugonu.
   118 | D        | Found a sacrificial altar of Ru.
   118 | D        | Found an ancient bone altar of Kikubaaqudgha.
   118 | D        | Found a white marble altar of Elyvilon.
   119 | D        | Found a stormy altar of Qazlal.
   119 | D        | Found a viscous altar of Jiyva.
   119 | D        | Found a shadowy altar of Dithmenos.
   120 | D        | Found a hazy altar of Hepliaklqana.
   120 | D        | Found a snail-covered altar of Cheibriados.
   122 | D        | Found a sparkling altar of Nemelex Xobeh.
   122 | D        | Found a blossoming altar of Fedhas.
   123 | D        | Found an opulent altar of Gozag.
   123 | D        | Found an iron altar of Okawaru.
   127 | D        | Became a worshipper of Trog the Wrathful
   137 | D        | Noticed a kraken
   142 | D        | Slain by a tentacle

Illustrated notes

Levels and vault maps discovered:
D:        the_violet_keep_of_menkaure [sprint2_stairs_cluster_1,
          sprint2_shoproom, sprint2_temple, sprint2_basic_supplies,
          sprint2_obstacle_1, sprint2_obstacle_3, sprint2_obstacle_2,
          sprint2_obstacle_6, sprint2_obstacle_7, sprint2_timed_cluster_1,
          sprint2_smallroom_cluster_1, sprint2_smallroom_final_cluster_1,
          sprint2_transparent_cluster_1, sprint2_second_timed_cluster_1,
          sprint2_sniper_area_1, sprint2_heavy_combat_area_1,
          sprint2_mutation_trap_area_1, sprint2_forest_area_1,
          sprint2_light_combat_area_1, sprint2_behind_water_1,
          sprint2_near_end_vault_1]

Skill      XL: |  1  2  3  4  5  6  7 |
---------------+----------------------+-----
Long Blades    | 2 4 5 6 8 |  8.0
Fighting       | 4 6 8 9 |  9.5
Armour         | 4 7 8 9 |  9.5
Dodging        | 1 3 5 6 |  6.0
Shields        | |  3.2

Action                     |  1- 3 |  4- 6 |  7- 9 || total
---------------------------+-------+-------+-------++-------
  Melee: Long sword        |    14 |    38 |    19 ||    71
    Use: Potion            |     2 |       |       ||     2
         Scroll            |       |       |     1 ||     1
 Armour: Scale mail        |     4 |    14 |     4 ||    22
  Dodge: Dodged            |     7 |    19 |    12 ||    38

Table legend: (Time is in decaauts)
 A = Elapsed time spent in this place.
 B = Non-inter-level travel time spent in this place.
 C = Inter-level travel time spent in this place.
 D = Time resting spent in this place.
 E = Time spent auto-exploring this place.
 F = Levels seen in this place.
 G = Mean time per level.
                   A        B        C        D        E       F      G
               +--------+--------+--------+--------+--------+-----+--------+
         Total |    155 |    155 |      0 |      0 |      1 |   1 |  155.0 |
       Dungeon |    155 |    155 |      0 |      0 |      1 |   1 |  155.0 |
               +--------+--------+--------+--------+--------+-----+--------+

Top non-repeatable levels by time:
       D: 155 daAuts
